Map: Ephemeron LE

Players

ViBE - Winner!

  • Race: Terran Terran
  • League: Bronze
  • Spawn Location: 5:00

Elkslayer

  • Race: Terran Terran
  • League: Silver
  • Spawn Location: 11:00

VOD

https://www.youtube.com/watch?v=kuS_PgtyAP8&list=PLFeZeom2b4DmHduNHeFj-6PfoasuSQn3P&index=2

Description

Time

  • Played on: Dec. 4, 2019, 9:39 p.m.
  • Length: 12:09
Show
View Real Time Build Order
Export as new Build Order

ViBE Terran - Winner!

Build Orders: 2 Factory 

Get SALT Encoding   

  12  0:01  SCV  
  13  0:14  SCV  
  14  0:19  Supply Depot  
  14  0:27  SCV  
  16  0:42  SCV  
  16  0:44  Barracks  
  16  0:50  Refinery  
  16  0:54  SCV  
  17  1:07  SCV  
  18  1:19  SCV  
  19  1:31  Orbital Command  
  19  1:40  Command Center  
  19  1:48  Marine  
  20  2:00  Bunker  
  20  2:06  Marine  
  21  2:09  Factory  
  21  2:15  Command Center  
  21  2:22  SCV  
  22  2:24  Marine  
  22  2:25  Supply Depot  
  23  2:33  Supply Depot  
  23  2:46  Marine  
  23  2:47  SCV  
  25  2:53  Factory Tech Lab  
  25  2:58  Factory  
  25  2:59  Refinery  
  25  3:05  SCV  
  25  3:27  Orbital Command  
  25  3:28  Siege Tank  
  28  3:40  SCV  
  29  3:45  Factory Reactor  
  29  3:52  SCV  
  29  3:55  SCV  
  31  4:04  SCV  
  31  4:07  SCV, Siege Tank  
  36  4:16  SCV  
  37  4:19  SCV  
  37  4:22  Hellion x2  
  42  4:28  SCV  
  42  4:30  Supply Depot  
  43  4:31  SCV  
  43  4:33  Supply Depot  
  43  4:35  Orbital Command  
  44  4:41  SCV  
  45  4:47  Siege Tank, Hellion x2  
  45  4:51  Armory  
  52  5:00  SCV x2  
  54  5:12  SCV x2  
  56  5:16  Command Center  
  56  5:24  SCV x2  
  56  5:28  Siege Tank  
  61  5:31  Hellion  
  61  5:35  Hellion  
  65  5:36  SCV x2  
  67  5:48  Engineering Bay, SCV x2  
  69  6:00  SCV  
  69  6:03  Supply Depot  
  70  6:04  Supply Depot  
  70  6:05  Supply Depot  
  70  6:06  Supply Depot x2  
  70  6:16  Missile Turret  
  70  6:19  Missile Turret  
  70  6:25  Thor, SCV x2  
  78  6:35  Command Center  
  78  6:37  SCV x2  
  80  6:42  Refinery  
  80  6:43  Refinery  
  80  6:44  Terran Vehicle Weapons Level 1  
  80  6:47  Armory  
  80  6:49  SCV x2  
  82  6:55  Orbital Command  
  82  7:01  SCV x2  
  84  7:13  SCV x2  
  86  7:16  Thor  
  86  7:17  Hellion  
  86  7:19  Hellion  
  96  7:24  SCV  
  96  7:25  SCV x2  
  99  7:36  SCV  
  100  7:37  SCV x2  
  102  7:48  SCV  
  102  7:49  Command Center  
  102  7:50  SCV x2  
  105  7:53  Hellion x2  
  105  7:56  Terran Vehicle And Ship Armor Level 1  
  109  7:59  Thor  
  109  8:04  SCV x3, Refinery  
  109  8:05  Refinery  
  118  8:16  Hellion x2  
  122  8:23  Factory  
  122  8:24  Factory  
  122  8:28  Factory x2  
  122  8:29  Factory x2  
  122  8:33  SCV x3  
  125  8:43  Planetary Fortress  
  125  8:45  SCV x3  
  125  8:48  Refinery x2  
  128  8:57  SCV x3  
  128  8:58  Supply Depot  
  128  8:59  Supply Depot x2  
  128  9:00  Supply Depot  
  131  9:08  Terran Vehicle Weapons Level 2  
  131  9:29  Factory Reactor x2  
  131  9:30  Factory Tech Lab x4  
  131  9:32  Thor  
  131  9:38  Command Center  
  137  9:41  Hellion x2  
  141  9:48  Supply Depot  
  141  9:49  Supply Depot  
  141  9:52  SCV x4  
  145  10:04  SCV x4  
  145  10:06  Thor x3  
  173  10:09  Hellion x5  
  173  10:10  Hellion  
  173  10:12  Smart Servos  
  173  10:13  Infernal Pre-Igniter  
  185  10:22  SCV  
  185  10:27  Planetary Fortress  
  186  10:38  Thor  
  186  10:40  Hellion x2  
  200  10:42  Hellion  
  200  10:43  Hellion  
  200  10:58  Command Center  
  200  11:31  Factory  
  200  11:32  Factory x2  
  200  11:33  Factory  
  200  11:35  Factory x2  
  188  11:54  Factory  
  188  11:55  Factory  
Show
View Real Time Build Order
Export as new Build Order

Elkslayer Terran 

Build Orders:  

Get SALT Encoding   

  12  0:32  SCV  
  13  0:38  Supply Depot  
  13  0:44  SCV  
  14  0:56  SCV  
  15  1:08  SCV  
  16  1:19  Barracks x2  
  16  1:20  SCV  
  16  1:23  Barracks  
  17  1:37  Barracks  
  17  1:57  Supply Depot  
  17  2:07  Supply Depot  
  17  2:08  Marine x2  
  17  2:12  Marine  
  20  2:26  Marine x2  
  20  2:27  Marine  
  23  2:30  Marine  
  24  2:44  Marine x2  
  24  2:45  Marine  
  24  2:48  Marine  
  28  3:02  Marine x2  
  28  3:03  Marine  
  31  3:06  Marine  
  19  3:39  Marine x2  
  19  3:40  Marine x2  
  22  3:52  Refinery  
  22  3:56  Refinery  
  22  3:57  Marine x3  
  22  3:58  Marine  
  26  4:15  Marine x4  
  30  4:32  Marine  
  30  4:35  Command Center  
  17  5:24  Factory  
  17  5:38  Supply Depot  
  17  5:44  SCV  
  17  5:47  Supply Depot  
  18  5:53  SCV  
  18  5:56  SCV  
  20  6:05  SCV  
  20  6:08  SCV  
  22  6:11  Starport  
  22  6:12  Factory Tech Lab  
  22  6:17  SCV  
  23  6:20  SCV  
  24  6:28  Starport  
  24  6:29  SCV  
  25  6:33  SCV  
  25  6:37  Siege Tank  
  29  6:41  SCV  
  30  6:49  Starport Tech Lab  
  30  7:10  Siege Tank  
  30  7:13  Starport Tech Lab  
  33  7:27  Refinery  
  33  7:34  Orbital Command  
  33  7:35  Refinery  
  33  7:42  Fusion Core  
  33  8:07  SCV, Starport  
  34  8:19  SCV  
  35  8:31  SCV  
  36  8:43  Battlecruiser  
  36  8:44  SCV  
  36  8:45  Command Center  
  43  8:54  Battlecruiser  
  49  8:56  SCV  
  49  8:57  Starport Tech Lab  
  50  9:31  Battlecruiser  
  56  9:37  Orbital Command  
  56  10:07  Engineering Bay  
  56  10:10  Battlecruiser  
  62  10:17  SCV  
  63  10:26  Refinery  
  63  10:29  SCV  
  64  10:40  Battlecruiser  
  64  10:41  SCV  
  71  10:54  SCV  
  71  10:56  Battlecruiser  
  78  11:06  SCV  
  79  11:15  Refinery  
  79  11:18  SCV  
  80  11:30  SCV  
  81  11:42  SCV  
Tags
 
Add a new tag
Caveats
  • Supply blocks, unpowered buildings, or Contaminate may cause inaccurate times.
  • Supply counts are checked every 10 seconds.